[Event "ICC tourney 3095 (40 10)"]
[Site "Internet Chess Club"]
[Date "2023.01.07"]
[Round "4"]
[White "XAVIER KIM, EVEREST:K05-17350711"]
[Black "Bolme, Thomas Bradley:ThomasBradley75"]
[Result "0-1"]
[ICCResult "White resigns"]
[WhiteElo "708"]
[BlackElo "669"]
[Opening "Queen's pawn, Mason variation"]
[ECO "D00"]
[NIC "QP.08"]
[Time "17:46:04"]
[PlyCount "73"]
[TimeControl "2400+10"]

1. d4 d5 2. Bf4 Bf5 3. Nf3 Nc6 4. e3 e6 5. c4 Bb4+ 6. Nc3 Nf6 7. a3 Be7 8.
c5 Ne4 9. Nxe4 Bxe4 10. Bd3 Bxd3 11. Qxd3 Bd6 12. cxd6 cxd6 13. O-O f6 14.
Bg3 Qe7 15. Rfe1 e5 16. dxe5 fxe5 17. Qb5 Qd7 18. Qxd5 O-O-O 19. Rac1 Kb8
20. b4 a6 21. Bh4 Rc8 22. Rc3 Rhe8 23. Rd1 Ne7 24. Qd3 Rxc3 25. Qxc3 Nf5 26.
Qc4 Nxh4 27. Qxh4 d5 28. Qg3 Ka8 29. Nxe5 Qa4 30. Rxd5 Qxa3 31. Kf1 Qc1+ 32.
Ke2 Qc2+ 33. Rd2 Qe4 34. Ng4 Qc4+ 35. Kd1 Qb3+ 36. Kc1 Rc8+ 37. Qc7
{White resigns}
0-1

[Event "ICC tourney 3095 (40 10)"]
[Site "Internet Chess Club"]
[Date "2023.01.07"]
[Round "4"]
[White "KISHORE, KAVISH:K03-16800564"]
[Black "CHANG, ALEXANDER:Elatedbook"]
[Result "1-0"]
[ICCResult "Black checkmated"]
[WhiteElo "1405"]
[BlackElo "1267"]
[Opening "Queen's gambit declined"]
[ECO "D30"]
[NIC "QP.08"]
[Time "17:45:17"]
[PlyCount "139"]
[TimeControl "2400+10"]

1. d4 d5 2. c4 e6 3. Nf3 Nf6 4. cxd5 exd5 5. Nc3 Bf5 6. Bf4 c6 7. e3 Bb4 8.
a3 Ba5 9. b4 Bc7 10. Bxc7 Qxc7 11. Bd3 Bg6 12. O-O Nbd7 13. Rc1 Ne4 14. Nxd5
Qd6 15. Nc3 Nxc3 16. Rxc3 O-O 17. Qb3 b5 18. Bxg6 Qxg6 19. Rfc1 Rac8 20. Qc2
Qxc2 21. R1xc2 Nb8 22. Ne5 f6 23. Nxc6 Nxc6 24. Rxc6 Ra8 25. h3 h5 26. R2c5
g5 27. Rxb5 Rac8 28. Rxc8 Rxc8 29. Rc5 Rd8 30. Rc6 Rf8 31. Ra6 Rf7 32. Rc6
Kf8 33. d5 Ke8 34. e4 f5 35. f3 g4 36. hxg4 hxg4 37. a4 gxf3 38. gxf3 fxe4
39. fxe4 Re7 40. Re6 Rxe6 41. dxe6 Ke7 42. Kf2 Kxe6 43. Ke3 Ke5 44. Kd3 Ke6
45. Kc4 Ke5 46. Kc5 Kxe4 47. b5 Ke5 48. a5 Ke6 49. Kc6 Ke7 50. Kc7 Ke6 51.
b6 axb6 52. axb6 Kd5 53. b7 Kd4 54. b8=Q Ke5 55. Qd8 Ke6 56. Kc6 Ke5 57.
Qd6+ Ke4 58. Qd5+ Ke3 59. Kc5 Kf4 60. Qe6 Kf3 61. Qe5 Kg4 62. Qf6 Kh5 63.
Qg7 Kh4 64. Qg6 Kh3 65. Qg5 Kh2 66. Qg4 Kh1 67. Kd4 Kh2 68. Ke3 Kh1 69. Kf2
Kh2 70. Qg2# {Black checkmated} 1-0

[Event "ICC tourney 3095 (40 10)"]
[Site "Internet Chess Club"]
[Date "2023.01.07"]
[Round "4"]
[White "ANGELCHIK, JACOB:t105mm"]
[Black "Yan, Rayna:K01-30157975"]
[Result "1-0"]
[ICCResult "Black checkmated"]
[WhiteElo "1259"]
[BlackElo "1048"]
[Opening "Queen's bishop game"]
[ECO "D02"]
[NIC "QP.08"]
[Time "17:45:15"]
[PlyCount "103"]
[TimeControl "2400+10"]

1. d4 d5 2. Nf3 Nf6 3. Bf4 Bf5 4. e3 e6 5. c4 c5 6. Qa4+ Nc6 7. Ne5 Rc8 8.
cxd5 exd5 9. Bb5 Bd7 10. Nxc6 Bxc6 11. Bxc6+ bxc6 12. Qxa7 cxd4 13. Qxd4
Qa5+ 14. Nc3 Nd7 15. O-O f6 16. e4 Bc5 17. Qd3 d4 18. Ne2 Ne5 19. Bxe5 fxe5
20. Qg3 Qc7 21. Rac1 Bd6 22. a3 Qb7 23. Nxd4 Qxb2 24. Rxc6 Rxc6 25. Nxc6 O-O
26. h4 Bc5 27. Nxe5 Bd6 28. Nc4 Bxg3 29. Nxb2 Bxh4 30. g3 Be7 31. a4 Ra8 32.
f4 Ba3 33. Nc4 Bc5+ 34. Kg2 Rxa4 35. Rc1 Kf8 36. Kf3 Ke7 37. Kg4 Kf6 38. Ne5
Be3 39. Rc6+ Ke7 40. Nc4 Bd4 41. Kf5 Bf2 42. g4 Rb4 43. e5 Rb3 44. Rc7+ Kf8
45. Nd6 Rb4 46. e6 Bh4 47. g5 Rb8 48. e7+ Kg8 49. Ke6 Bg3 50. Rc8+ Rxc8 51.
Nxc8 Bxf4 52. e8=Q# {Black checkmated} 1-0

[Event "ICC tourney 3095 (40 10)"]
[Site "Internet Chess Club"]
[Date "2023.01.07"]
[Round "4"]
[White "Guntaka, Aayansh R:aayanshguntaka"]
[Black "Anand, Anirudh:AnirudhAnand"]
[Result "1-0"]
[ICCResult "Black forfeits on time"]
[WhiteElo "1345"]
[BlackElo "768"]
[Opening "Scotch gambit"]
[ECO "C44"]
[NIC "SO.06"]
[Time "17:45:16"]
[PlyCount "47"]
[TimeControl "2400+10"]

1. e4 e5 2. Nf3 Nc6 3. d4 exd4 4. Bc4 Bc5 5. c3 dxc3 6. Bxf7+ Kxf7 7. Qd5+
Ke8 8. Qh5+ Kf8 9. Qxc5+ d6 10. Qxc3 Nf6 11. O-O Nxe4 12. Qe3 Nf6 13. Qf4
Bg4 14. Nd4 Nxd4 15. Qxd4 Qe7 16. Bg5 h5 17. h3 c5 18. Qf4 Bd7 19. Rd1 Qe2
20. Nc3 Qxb2 21. Bxf6 gxf6 22. Qxf6+ Kg8 23. Ne4 Qe2 24. Ng5
{Black forfeits on time}
1-0

[Event "ICC tourney 3095 (40 10)"]
[Site "Internet Chess Club"]
[Date "2023.01.07"]
[Round "4"]
[White "SHRIVASTAVA, NIVAAN:K03-30075883"]
[Black "STONE, GILBERT L:tightfist"]
[Result "1/2-1/2"]
[ICCResult "Game drawn because neither player has mating material"]
[WhiteElo "1029"]
[BlackElo "1200"]
[Opening "French: advance variation"]
[ECO "C02"]
[NIC "FR.03"]
[Time "17:46:04"]
[PlyCount "162"]
[TimeControl "2400+10"]

1. e4 e6 2. d4 d5 3. e5 c5 4. c3 Nc6 5. f4 Qb6 6. Nf3 cxd4 7. cxd4 Bb4+ 8.
Nc3 Bd7 9. Be2 Nge7 10. Be3 Nf5 11. Bf2 Qa5 12. Rc1 h6 13. Qb3 O-O 14. a3
Bxc3+ 15. Qxc3 Rac8 16. O-O Qxc3 17. Rxc3 Na5 18. Rfc1 Rxc3 19. Rxc3 Rc8 20.
Rxc8+ Bxc8 21. Kf1 Nc4 22. Bxc4 dxc4 23. Nd2 b5 24. Ke2 Bb7 25. g4 Ne7 26.
Ke3 Nd5+ 27. Kf3 c3 28. bxc3 Nxc3+ 29. Kg3 Ne2+ 30. Kh4 Nxf4 31. Nb3 g5+ 32.
Kg3 Ne2+ 33. Kh3 a6 34. Nc5 Bc8 35. Kg2 Nf4+ 36. Kf3 a5 37. h4 b4 38. axb4
axb4 39. hxg5 hxg5 40. Be3 Kg7 41. Bxf4 gxf4 42. Kxf4 f6 43. exf6+ Kxf6 44.
Ke3 Kg5 45. Kd3 Kxg4 46. Kc4 Kf4 47. Kxb4 Kf5 48. Kc4 Kf6 49. Ne4+ Ke7 50.
Nc5 Kd6 51. Ne4+ Kc6 52. Nc5 Kd6 53. Ne4+ Kc6 54. Nc5 Kb6 55. Kd3 Kc6 56.
Ke4 Kd6 57. Kd3 Kd5 58. Kc3 Kc6 59. Kc4 Kd6 60. Ne4+ Kc6 61. Nc5 Kb6 62. Kd3
Kc6 63. Kc4 Kd6 64. Ne4+ Kc6 65. Nc5 Kb6 66. Kd3 Kc6 67. Kc4 Kd6 68. Ne4+
Kc6 69. Nc5 Kd6 70. Ne4+ Ke7 71. Nc5 Kd6 72. Ne4+ Kc6 73. Nc5 Kb6 74. Kb4
Kc6 75. Kc4 Bd7 76. Nxd7 Kxd7 77. Kc5 Kc7 78. d5 e5 79. d6+ Kd7 80. Kd5 e4
81. Kxe4 Kxd6 {Game drawn because neither player has mating material}
1/2-1/2

[Event "ICC tourney 3095 (40 10)"]
[Site "Internet Chess Club"]
[Date "2023.01.07"]
[Round "4"]
[White "Xu, Michael:mxu81"]
[Black "Lou, Alvin:alvinl77"]
[Result "1-0"]
[ICCResult "Black resigns"]
[WhiteElo "1186"]
[BlackElo "885"]
[Opening "Nimzo-Indian: Sämisch variation"]
[ECO "E26"]
[NIC "NI.19"]
[Time "17:46:04"]
[PlyCount "109"]
[TimeControl "2400+10"]

1. d4 Nf6 2. c4 e6 3. Nc3 Bb4 4. a3 Bxc3+ 5. bxc3 c5 6. e3 cxd4 7. cxd4 d5
8. Nf3 O-O 9. Bd3 Re8 10. O-O Nc6 11. c5 e5 12. Bb5 Bg4 13. h3 Bxf3 14. Qxf3
a6 15. Ba4 exd4 16. exd4 Nxd4 17. Qd3 Nc6 18. Bg5 Re6 19. Rfe1 Ne5 20. Qf5
Qe7 21. Re3 Nc4 22. Rg3 Rd8 23. Bc2 g6 24. Qf4 Re1+ 25. Rxe1 Qxe1+ 26. Kh2
Nh5 27. Qc7 Re8 28. Rf3 Qe5+ 29. Qxe5 Rxe5 30. Bh6 Ng7 31. Rb3 Re7 32. Bd3
Rc7 33. c6 Rxc6 34. Rxb7 Nd6 35. Rb8+ Rc8 36. Rxc8+ Nxc8 37. Bxa6 Nb6 38.
Be3 Nd7 39. a4 Ne6 40. Bc8 Ndc5 41. a5 d4 42. Bh6 g5 43. a6 f6 44. a7 Nc7
45. Kg1 Kf7 46. h4 gxh4 47. Bf4 Na8 48. Bd6 Ne4 49. Bb4 d3 50. Kf1 d2 51.
Ke2 d1=Q+ 52. Kxd1 Ke8 53. Bb7 Nb6 54. Bxe4 Kd7 55. Bc5 {Black resigns} 1-0

[Event "ICC tourney 3095 (40 10)"]
[Site "Internet Chess Club"]
[Date "2023.01.07"]
[Round "4"]
[White "JARGALSAIKHAN, OCHIR:K06-30018301"]
[Black "HAO, RYAN:Ryan334"]
[Result "1/2-1/2"]
[ICCResult "White stalemated"]
[WhiteElo "1411"]
[BlackElo "727"]
[Opening "Catalan: closed, 5.Nf3"]
[ECO "E06"]
[NIC "CA.04"]
[Time "17:45:20"]
[PlyCount "130"]
[TimeControl "2400+10"]

1. d4 d5 2. c4 e6 3. Nf3 Be7 4. g3 Nf6 5. Bg2 O-O 6. O-O b6 7. Qc2 Bb7 8. b3
c5 9. Bb2 Nc6 10. Rd1 Rc8 11. a3 Na5 12. Nbd2 Nc6 13. e3 Qc7 14. Rac1 Rfd8
15. Ne5 Bd6 16. cxd5 exd5 17. Ndf3 cxd4 18. Nxc6 Qxc6 19. Qxc6 Rxc6 20. Nxd4
Rxc1 21. Rxc1 a6 22. Nf5 Bf8 23. Rc7 Rd7 24. Rc2 Ne4 25. b4 a5 26. b5 Nc5
27. Bh3 Rd8 28. Nd4 Nd3 29. Bc1 Nxc1 30. Rxc1 Bxa3 31. Rc7 Ba8 32. Ra7 g6
33. Ra6 Bc5 34. Nb3 Bb7 35. Ra7 Rb8 36. Nxc5 bxc5 37. Rxa5 f5 38. Bg2 Ra8
39. Rxa8+ Bxa8 40. Kf1 Kf7 41. Ke2 Ke6 42. Kd3 Kd6 43. Kc2 c4 44. Kc3 Kc5
45. Bf1 Kxb5 46. g4 h5 47. gxf5 gxf5 48. Bh3 Bc6 49. Bxf5 Be8 50. h4 Bf7 51.
Bc2 Kc5 52. f4 Kd6 53. Kd4 Ke6 54. e4 dxe4 55. Bxe4 Kf6 56. Kc3 Bg6 57. Bxg6
Kxg6 58. Kxc4 Kf5 59. Kd3 Kxf4 60. Ke2 Kg3 61. Kf1 Kxh4 62. Kg1 Kg3 63. Kh1
h4 64. Kg1 h3 65. Kh1 h2 {White stalemated} 1/2-1/2

[Event "ICC tourney 3095 (40 10)"]
[Site "Internet Chess Club"]
[Date "2023.01.07"]
[Round "4"]
[White "NI, MATTHEW:oldwetplant"]
[Black "RAVIND G N, RICNESH:RickyCarlsen"]
[Result "0-1"]
[ICCResult "White checkmated"]
[WhiteElo "1324"]
[BlackElo "1467"]
[Opening "Scandinavian: Pytel-Wade variation"]
[ECO "B01"]
[NIC "SD.02"]
[Time "17:45:10"]
[PlyCount "118"]
[TimeControl "2400+10"]

1. e4 d5 2. exd5 Qxd5 3. Nc3 Qd6 4. Nf3 Nf6 5. Be2 a6 6. d4 b5 7. O-O Bb7 8.
Qd3 g6 9. Bg5 Nbd7 10. Qe3 Bg7 11. Ne5 O-O 12. Nxd7 Qxd7 13. a3 Rfe8 14. h3
Rad8 15. Rad1 Nd5 16. Qg3 Nxc3 17. bxc3 Qc8 18. Bf3 Qa8 19. Bxb7 Qxb7 20.
Rfe1 Bf6 21. Bxf6 exf6 22. Qf4 Kg7 23. Re3 Rxe3 24. fxe3 Re8 25. Rf1 f5 26.
Kh1 Qe4 27. Qxc7 Qxc2 28. Qc6 Rxe3 29. Qxa6 Qxc3 30. Qxb5 Qxa3 31. Rd1 f4
32. Rf1 f3 33. gxf3 Rxf3 34. Qe5+ f6 35. Qc7+ Kh6 36. Rxf3 Qxf3+ 37. Kh2
Qf2+ 38. Kh1 Qxd4 39. Qc1+ g5 40. Qf1 Qe4+ 41. Kg1 Kg6 42. Qf2 h5 43. Qf1 g4
44. hxg4 hxg4 45. Kh2 Kg5 46. Qb5+ Qe5+ 47. Qxe5+ fxe5 48. Kg2 Kf4 49. Kf2
e4 50. Ke2 g3 51. Kf1 Kf3 52. Kg1 g2 53. Kh2 Kf2 54. Kh3 g1=Q 55. Kh4 Kf3
56. Kh5 Kf4 57. Kh6 Kf5 58. Kh7 Kf6 59. Kh8 Qg7# {White checkmated} 0-1

[Event "ICC tourney 3095 (40 10)"]
[Site "Internet Chess Club"]
[Date "2023.01.07"]
[Round "4"]
[White "Jones, Richard S:weakfish"]
[Black "VUYYURU, SHRIYAN:loudcertainlava"]
[Result "1/2-1/2"]
[ICCResult "Game drawn because neither player has mating material"]
[WhiteElo "1376"]
[BlackElo "1411"]
[Opening "French: Tarrasch"]
[ECO "C03"]
[NIC "FR.07"]
[Time "17:45:15"]
[PlyCount "153"]
[TimeControl "2400+10"]

1. e4 e6 2. d4 d5 3. Nd2 dxe4 4. Nxe4 Nc6 5. Bb5 Bd7 6. c3 Be7 7. Nf3 Nf6 8.
Ng3 O-O 9. O-O a6 10. Ba4 Bd6 11. Bg5 h6 12. Be3 b5 13. Bb3 Ne7 14. Ne5 Ned5
15. Nxd7 Qxd7 16. Bd2 a5 17. Kh1 a4 18. Bc2 a3 19. b3 c5 20. dxc5 Bxc5 21.
Qf3 b4 22. c4 Nb6 23. Rad1 Qe7 24. Nh5 Nxh5 25. Qxh5 Rad8 26. Qe2 Qf6 27.
Qe4 Qf5 28. Qxf5 exf5 29. f3 Rd6 30. Bf4 Re6 31. Bg3 Re2 32. Bb1 g6 33. Bd6
Rc8 34. Bxc5 Rxc5 35. Rd8+ Kg7 36. Rb8 Re6 37. Kg1 Rce5 38. Kf2 f4 39. Rd1
Re2+ 40. Kf1 R2e5 41. Rb7 Re2 42. Ra7 Rb2 43. Rb7 Nc8 44. c5 Rc6 45. Rxb4
Rxc5 46. Rxf4 g5 47. Rc4 Rxc4 48. bxc4 Nb6 49. c5 Nc4 50. Kg1 Ne3 51. Rc1
Rxg2+ 52. Kh1 Rb2 53. c6 Nd5 54. Be4 Nc7 55. Rc2 Kf6 56. Kg2 Rxc2+ 57. Bxc2
Ke5 58. Kg3 f5 59. Kf2 Kd5 60. Bxf5 Kxc6 61. Ke3 Kd6 62. Bc2 Ke5 63. Kd3 Kd5
64. Kc3 Kc5 65. Kb3 Nb5 66. Bd3 Nd4+ 67. Kxa3 Nxf3 68. h3 Nd4 69. Kb2 h5 70.
Kc3 g4 71. hxg4 hxg4 72. Bf1 g3 73. Kd3 Kb4 74. Kxd4 Ka3 75. Ke3 Kxa2 76.
Kf3 Kb3 77. Kxg3 {Game drawn because neither player has mating material}
1/2-1/2

[Event "ICC tourney 3095 (40 10)"]
[Site "Internet Chess Club"]
[Date "2023.01.07"]
[Round "5"]
[White "SINTON, LUC:LucSinton"]
[Black "CHENG, STEPHEN:K05-30041099"]
[Result "1-0"]
[ICCResult "Black checkmated"]
[WhiteElo "1400"]
[BlackElo "1145"]
[Opening "Queen's pawn, Mason variation, Steinitz counter-gambit"]
[ECO "D00"]
[NIC "QP.08"]
[Time "20:00:56"]
[PlyCount "37"]
[TimeControl "2400+10"]

1. d4 d5 2. Bf4 c5 3. Nc3 Nf6 4. Nb5 Na6 5. dxc5 Qa5+ 6. Nc3 e6 7. Qd2 Bxc5
8. a3 Qb6 9. O-O-O Qc6 10. e4 O-O 11. exd5 exd5 12. Nxd5 Rd8 13. Nxf6+ Qxf6
14. Qxd8+ Qxd8 15. Rxd8+ Bf8 16. Bd6 g6 17. Bxf8 Nc7 18. Bh6+ Ne8 19. Rxe8#
{Black checkmated}
1-0

[Event "ICC tourney 3095 (40 10)"]
[Site "Internet Chess Club"]
[Date "2023.01.07"]
[Round "5"]
[White "Bolme, Thomas Bradley:ThomasBradley75"]
[Black "Saravia, Kyle:Kyle45"]
[Result "0-1"]
[ICCResult "White checkmated"]
[WhiteElo "669"]
[BlackElo "1231"]
[Opening "Queen's bishop game"]
[ECO "D02"]
[NIC "QP.08"]
[Time "20:00:52"]
[PlyCount "56"]
[TimeControl "2400+10"]

1. d4 d5 2. Nf3 Nf6 3. Bf4 g6 4. e3 Bg7 5. Nc3 O-O 6. Bd3 c6 7. Qe2 Nbd7 8.
Ng5 Re8 9. O-O-O e5 10. Bxe5 Nxe5 11. dxe5 Rxe5 12. Nxf7 Kxf7 13. f4 Re8 14.
Rhe1 b5 15. Qf3 Bg4 16. Bxg6+ hxg6 17. Qg3 Bxd1 18. Rxd1 b4 19. Ne2 Qa5 20.
f5 gxf5 21. Nf4 Ne4 22. Qg6+ Kg8 23. Qxf5 Qxa2 24. c3 b3 25. Qxe4 Rxe4 26.
Kd2 Qxb2+ 27. Ke1 Rxe3+ 28. Ne2 Qxe2# {White checkmated} 0-1

[Event "ICC tourney 3095 (40 10)"]
[Site "Internet Chess Club"]
[Date "2023.01.07"]
[Round "5"]
[White "XAVIER KIM, EVEREST:K05-17350711"]
[Black "SCHROMBECK, JON A:Gm374"]
[Result "1-0"]
[ICCResult "Black resigns"]
[WhiteElo "708"]
[BlackElo "1029"]
[Opening "Dunst (Sleipner, Heinrichsen) opening"]
[ECO "A00"]
[NIC "VO.15"]
[Time "20:00:58"]
[PlyCount "93"]
[TimeControl "2400+10"]

1. Nc3 f5 2. e4 fxe4 3. Bc4 Nf6 4. Nxe4 e6 5. Nxf6+ Qxf6 6. d3 d5 7. Bb5+ c6
8. Ba4 b5 9. Bb3 a5 10. a4 b4 11. c4 d4 12. Qg4 c5 13. Bg5 Qf5 14. Qh5+ g6
15. Qh4 Qxd3 16. Ra3 Qb1+ 17. Bd1 Qxb2 18. Rf3 Nc6 19. Qf4 Qc3+ 20. Rxc3
dxc3 21. Bc2 Nd4 22. Qc1 h6 23. Bf6 Rg8 24. Bxd4 cxd4 25. Nf3 Bg7 26. Bxg6+
Ke7 27. Bh7 Rd8 28. Be4 Ra7 29. O-O Ba6 30. Bd3 Rb7 31. Qc2 b3 32. Qe2 b2
33. Bb1 Rc7 34. Re1 Rd6 35. Qe4 Bxc4 36. Qh4+ Bf6 37. Qxh6 d3 38. Qh7+ Kd8
39. Qg8+ Kd7 40. Qf7+ Kc6 41. Qxf6 d2 42. Rd1 Be2 43. Qxc3+ Kb7 44. Qxb2+
Rb6 45. Be4+ Ka7 46. Qxd2 Bxd1 47. Qxd1 {Black resigns} 1-0

[Event "ICC tourney 3095 (40 10)"]
[Site "Internet Chess Club"]
[Date "2023.01.07"]
[Round "5"]
[White "Yan, Rayna:K01-30157975"]
[Black "SHRIVASTAVA, NIVAAN:K03-30075883"]
[Result "1-0"]
[ICCResult "Black resigns"]
[WhiteElo "1048"]
[BlackElo "1029"]
[Opening "Sicilian"]
[ECO "B56"]
[NIC "SI.25"]
[Time "20:00:52"]
[PlyCount "91"]
[TimeControl "2400+10"]

1. e4 c5 2. Nf3 d6 3. d4 cxd4 4. Nxd4 Nf6 5. Nc3 Nc6 6. Be3 Bd7 7. Qd2 a6 8.
f3 Qc7 9. Bd3 e6 10. O-O-O Be7 11. Qf2 O-O-O 12. Nxc6 Bxc6 13. Bb6 Qd7 14.
Bxd8 Rxd8 15. Bc4 d5 16. exd5 exd5 17. Bb3 Ne8 18. Nxd5 Bxd5 19. Rxd5 Nd6
20. Rhd1 Kb8 21. Bc4 Rc8 22. Be2 Qc7 23. R1d2 h6 24. f4 g5 25. f5 Ne4 26.
Qe3 Nxd2 27. Qxd2 Qxh2 28. Rd7 Qg1+ 29. Bd1 Bc5 30. Qd5 Rc6 31. Qxf7 Rc7 32.
Rd8+ Rc8 33. Rxc8+ Kxc8 34. Qe6+ Kb8 35. Qd5 h5 36. f6 Qf1 37. f7 Be7 38.
Qe5+ Ka7 39. Qxe7 Qf4+ 40. Kb1 Qd2 41. Bxh5 Qxg2 42. a3 Qh1+ 43. Ka2 Qd5+
44. b3 Qc6 45. Qe2 Qf6 46. Qf3 {Black resigns} 1-0

[Event "ICC tourney 3095 (40 10)"]
[Site "Internet Chess Club"]
[Date "2023.01.07"]
[Round "5"]
[White "Cao, Tingkai:Tingkai"]
[Black "ANGELCHIK, JACOB:t105mm"]
[Result "0-1"]
[ICCResult "White checkmated"]
[WhiteElo "920"]
[BlackElo "1259"]
[Opening "Sicilian"]
[ECO "B56"]
[NIC "SI.01"]
[Time "20:00:59"]
[PlyCount "72"]
[TimeControl "2400+10"]

1. e4 c5 2. Nf3 d6 3. d4 cxd4 4. Nxd4 Nf6 5. Nc3 Bd7 6. Be3 Nc6 7. Be2 Qa5
8. f3 Nxd4 9. Bxd4 e5 10. Be3 g6 11. Qd2 Rd8 12. O-O-O Be6 13. a3 d5 14. Bh6
Bxh6 15. Qxh6 d4 16. Nb1 Ke7 17. Qd2 Qc5 18. Qb4 b6 19. Qxc5+ bxc5 20. Nd2
Rb8 21. Bc4 Nh5 22. g3 Rb7 23. Bd5 Bxd5 24. exd5 Nf6 25. Ne4 Nxd5 26. c4 Ne3
27. Nxc5 Rc7 28. b4 Nxd1 29. Rxd1 a5 30. Kc2 axb4 31. axb4 Rb8 32. Kb3 Rxc5
33. Ka4 Rxc4 34. Rb1 d3 35. Kb3 Rcxb4+ 36. Ka2 Ra8# {White checkmated} 0-1

[Event "ICC tourney 3095 (40 10)"]
[Site "Internet Chess Club"]
[Date "2023.01.07"]
[Round "5"]
[White "Anand, Anirudh:AnirudhAnand"]
[Black "NI, MATTHEW:oldwetplant"]
[Result "0-1"]
[ICCResult "White checkmated"]
[WhiteElo "768"]
[BlackElo "1324"]
[Opening "Giuoco Piano: four knights variation"]
[ECO "C55"]
[NIC "IG.01"]
[Time "20:00:58"]
[PlyCount "118"]
[TimeControl "2400+10"]

1. e4 e5 2. Nf3 Nc6 3. Bc4 Nf6 4. Nc3 Bc5 5. O-O O-O 6. d3 h6 7. h3 Na5 8.
Bb3 Nxb3 9. axb3 d6 10. Be3 Bxe3 11. fxe3 Re8 12. Re1 Bd7 13. d4 Nh7 14. Qe2
Ng5 15. dxe5 dxe5 16. Rad1 Nxf3+ 17. Qxf3 c6 18. Rf1 Qe7 19. Na4 Be6 20. Nc3
Rad8 21. Rxd8 Rxd8 22. Ra1 a6 23. Rd1 Rxd1+ 24. Nxd1 Qd6 25. Nf2 Qd2 26. Qg3
Qc1+ 27. Kh2 Qxc2 28. Ng4 Bxg4 29. Qxg4 Qxb3 30. Qc8+ Kh7 31. Qf5+ g6 32.
Qxe5 Qe6 33. Qxe6 fxe6 34. Kg3 e5 35. Kf2 Kg7 36. Ke2 Kf6 37. Kd3 b5 38. b4
Ke6 39. Ke2 Kd6 40. Kf3 c5 41. bxc5+ Kxc5 42. g4 b4 43. Ke2 Kc4 44. Kd2 b3
45. h4 a5 46. Kc1 Kc3 47. Kb1 a4 48. h5 g5 49. Kc1 a3 50. Kb1 a2+ 51. Ka1
b2+ 52. Kxa2 Kc2 53. Ka3 b1=Q 54. Ka4 Kc3 55. Ka5 Kc4 56. Ka6 Kc5 57. Ka7
Kc6 58. Ka8 Kc7 59. Ka7 Qb7# {White checkmated} 0-1

[Event "ICC tourney 3095 (40 10)"]
[Site "Internet Chess Club"]
[Date "2023.01.07"]
[Round "5"]
[White "BOYCE, JOHN :boulevard34"]
[Black "STONE, GILBERT L:tightfist"]
[Result "0-1"]
[ICCResult "White resigns"]
[WhiteElo "913"]
[BlackElo "1200"]
[Opening "French defense"]
[ECO "C00"]
[NIC "FR.01"]
[Time "20:01:30"]
[PlyCount "74"]
[TimeControl "2400+10"]

1. e4 e6 2. Bc4 d5 3. exd5 exd5 4. Be2 Nf6 5. Nf3 Bd6 6. d4 O-O 7. O-O Bf5
8. a3 Nbd7 9. c3 Re8 10. Bg5 c6 11. Nbd2 Qc7 12. h3 Ne4 13. Be3 Ng3 14. Re1
Nf6 15. c4 Nxe2+ 16. Rxe2 dxc4 17. Re1 b5 18. Nf1 Ne4 19. d5 Rad8 20. Qc1
cxd5 21. Nd4 Bd7 22. Qd1 a6 23. Qh5 Re5 24. Qd1 Rde8 25. Rc1 Nc5 26. b4 Nd3
27. Qxd3 cxd3 28. Rxc7 Bxc7 29. Nf3 R5e7 30. Rd1 Bf5 31. Nh4 Be4 32. Nd2 h6
33. Bc5 Re6 34. f3 Bh7 35. g4 Re1+ 36. Rxe1 Rxe1+ 37. Kf2 Re2+ {White
resigns} 0-1

[Event "ICC tourney 3095 (40 10)"]
[Site "Internet Chess Club"]
[Date "2023.01.07"]
[Round "5"]
[White "Jones, Richard S:weakfish"]
[Black "Xu, Michael:mxu81"]
[Result "1-0"]
[ICCResult "Black resigns"]
[WhiteElo "1376"]
[BlackElo "1186"]
[Opening "Four knights: double Ruy Lopez"]
[ECO "C49"]
[NIC "KP.03"]
[Time "20:01:01"]
[PlyCount "95"]
[TimeControl "2400+10"]

1. e4 e5 2. Nf3 Nf6 3. Nc3 Nc6 4. Bb5 Bb4 5. Bxc6 dxc6 6. Nxe5 Bxc3 7. bxc3
Nxe4 8. Qe2 Qe7 9. Qxe4 f6 10. d4 fxe5 11. Qxe5 Qxe5+ 12. dxe5 O-O 13. O-O
Bf5 14. Ba3 Rfe8 15. Rab1 b6 16. Rfe1 Bxc2 17. Rb2 Bf5 18. h3 Re6 19. Rbe2
Rd8 20. g4 Bg6 21. f4 Be8 22. f5 Rh6 23. Kg2 c5 24. Bc1 Rc6 25. Bf4 Rd3 26.
Re3 Rd2+ 27. R1e2 Rxe2+ 28. Rxe2 h6 29. Rd2 Kf7 30. Kf3 Ke7 31. Ke4 b5 32.
g5 hxg5 33. Bxg5+ Kf7 34. h4 g6 35. e6+ Kg7 36. f6+ Kf8 37. Ke5 Rd6 38. Rxd6
cxd6+ 39. Kxd6 b4 40. Kxc5 bxc3 41. Kc4 c2 42. Kc3 Ba4 43. a3 a5 44. Kc4 Ke8
45. Kc5 Bb3 46. Kd6 Kf8 47. Bh6+ Ke8 48. f7+ {Black resigns} 1-0

[Event "ICC tourney 3095 (40 10)"]
[Site "Internet Chess Club"]
[Date "2023.01.07"]
[Round "5"]
[White "STEBBINS, PRESCOTT ALLEN:MysticWeirdness"]
[Black "ZHOU, ZACK:ZackZhou"]
[Result "1/2-1/2"]
[ICCResult "Game drawn by mutual agreement"]
[WhiteElo "811"]
[BlackElo "1300"]
[Opening "Danish gambit"]
[ECO "C21"]
[NIC "KP.04"]
[Time "20:01:07"]
[PlyCount "161"]
[TimeControl "2400+10"]

1. e4 e5 2. d4 exd4 3. c3 dxc3 4. Bc4 Nf6 5. Nxc3 Bb4 6. Qb3 Bxc3+ 7. bxc3
O-O 8. f3 c6 9. Bg5 d5 10. exd5 cxd5 11. Bxf6 dxc4 12. Bxd8 cxb3 13. Ba5
bxa2 14. Rxa2 Be6 15. Rc2 Nc6 16. Bc7 Rfe8 17. Ne2 Rac8 18. Bg3 Nb4 19. Rd2
Bc4 20. cxb4 Re6 21. Kf2 Rce8 22. Re1 Rb6 23. Nf4 Rf8 24. Rd4 Rxb4 25. Nd5
Rb2+ 26. Kg1 Bb3 27. Rh4 Bxd5 28. Bd6 Rd8 29. Rd4 Be6 30. Rc1 h6 31. Rcd1
Bb3 32. Ba3 Rxd4 33. Rxd4 Ra2 34. Bd6 b5 35. Rg4 Ra6 36. Bb8 Be6 37. Rb4 Bc4
38. Kf2 Ra2+ 39. Kg3 a5 40. Rb1 a4 41. Bd6 a3 42. Re1 Re2 43. Rxe2 Bxe2 44.
Bxa3 g5 45. Bb4 Kg7 46. Kf2 Bc4 47. g3 f5 48. Ke3 Kf6 49. f4 gxf4+ 50. gxf4
Kg6 51. Kf3 h5 52. h4 Kf6 53. Ke3 Ke6 54. Kd4 Bf1 55. Kc5 Bg2 56. Kd4 Bf1
57. Bc3 Kd6 58. Bb4+ Ke6 59. Bc5 Kf6 60. Kd5 Bc4+ 61. Kd6 Bd3 62. Bd4+ Kg6
63. Ke6 Bc4+ 64. Ke7 b4 65. Kd6 b3 66. Kc5 Bd3 67. Kd5 Bc2 68. Ke5 Kf7 69.
Bc3 Ke7 70. Bb4+ Kd7 71. Ba3 Kc6 72. Kf6 Kd5 73. Kg5 Ke4 74. Bc1 Bd3 75.
Kxh5 b2 76. Bxb2 Kxf4 77. Kg6 Kg3 78. h5 f4+ 79. Kg5 f3 80. Be5+ Kg2 81. Bd4
{Game drawn by mutual agreement}
1/2-1/2

[Event "ICC tourney 3095 (40 10)"]
[Site "Internet Chess Club"]
[Date "2023.01.07"]
[Round "5"]
[White "RAVIND G N, RICNESH:RickyCarlsen"]
[Black "HAO, RYAN:Ryan334"]
[Result "1-0"]
[ICCResult "Black checkmated"]
[WhiteElo "1467"]
[BlackElo "727"]
[Opening "Saragossa opening"]
[ECO "A00"]
[NIC "VO.12"]
[Time "20:00:55"]
[PlyCount "111"]
[TimeControl "2400+10"]

1. c3 e6 2. d4 d5 3. Nf3 Nf6 4. Bg5 h6 5. Bh4 Be7 6. e3 Nbd7 7. Bd3 b6 8.
O-O O-O 9. Nbd2 Bb7 10. Re1 Nh7 11. Bxe7 Qxe7 12. e4 dxe4 13. Bxe4 Bxe4 14.
Nxe4 Nhf6 15. Nxf6+ Nxf6 16. Qb3 Rfd8 17. Rad1 c5 18. d5 Rd6 19. dxe6 Rxe6
20. Rxe6 Qxe6 21. Qxe6 fxe6 22. Kf1 Kf7 23. Ne5+ Ke8 24. Ke2 a6 25. Rd6 b5
26. Rxe6+ Kf8 27. Nd3 c4 28. Nc5 a5 29. f3 Nd5 30. Rd6 Nf4+ 31. Kf2 Re8 32.
Rd2 Kf7 33. g3 Ng6 34. Nb7 a4 35. Nd6+ Ke7 36. Nxe8 Kxe8 37. Rd5 Ke7 38.
Rxb5 Kd6 39. Rb6+ Kc5 40. Rxg6 Kd5 41. Rxg7 Ke5 42. Ra7 Kd5 43. Rxa4 Kc5 44.
Ra6 Kb5 45. Rxh6 Kc5 46. Ke3 Kd5 47. Rh5+ Kc6 48. Kd4 Kd6 49. Re5 Kc6 50.
Rd5 Kb6 51. Rc5 Ka6 52. Kxc4 Kb6 53. Kb4 Kb7 54. Kb5 Kb8 55. Kb6 Ka8 56.
Rc8# {Black checkmated} 1-0